 Dungeon Crawl Stone Soup version 0.23.2 (webtiles) character file.

Game seed: 284465365966379489

81 dhn the Magician (level 4, -1/18 HPs)
             Began as a Felid Wizard on Apr 14, 2019.
             Slain by a hound (3 damage)
             ... on level 4 of the Dungeon.
             The game lasted 00:11:09 (4193 turns).

dhn the Magician (Felid Wizard)                     Turns: 4193, Time: 00:11:09

Health: -1/18      AC:  1    Str:  3    XL:     4   Next: 20%
Magic:  11/11      EV: 18    Int: 20    God:
Gold:   109        SH:  0    Dex: 14    Spells: 4/11 levels left
                                        Lives:  0   Deaths: 1

rFire    . . .     SeeInvis +   (weapon unavailable)
rCold    . . .     Gourm    .   (shield unavailable)
rNeg     . . .     Faith    .   (armour unavailable)
rPois    .         Spirit   .   (helmet unavailable)
rElec    .         Reflect  .   (cloak unavailable)
rCorr    .         Harm     .   (gloves unavailable)
MR       .....                  (boots unavailable)
Stlth    +++.......             (no amulet)
HPRegen  0.06/turn              (no ring)
MPRegen  0.12/turn              (no ring)

@: quick
A: very small, no armour, no weapons or thrown items, stealth, claws 1, fangs 3,
see invisible, carnivore, speed 1, shaggy fur 1, slow metabolism 1, sharp paws
a: no special abilities


You were on level 4 of the Dungeon.
You were not hungry.

You visited 1 branch of the dungeon, and saw 4 of its levels.

You collected 109 gold pieces.

Inventory:

Wands
 d - a wand of random effects (23)
Scrolls
 a - 3 scrolls of remove curse
 e - 2 scrolls of identify
 f - a scroll of fog {unknown}
 i - a scroll of enchant armour {unknown}
 j - a scroll of fear {unknown}
Potions
 c - a potion of degeneration
Comestibles
 b - 6 rations


   Skills:
 + Level 0.3 Fighting
 + Level 3.3 Dodging
 + Level 3.2 Stealth
 + Level 0.7 Unarmed Combat
 + Level 4.4 Spellcasting
 + Level 2.1 Conjurations
 + Level 1.0 Summonings
 + Level 1.5 Translocations


You had 4 spell levels left.
You knew the following spells:

 Your Spells              Type           Power        Failure   Level  Hunger
a - Magic Dart            Conj           ##..         5%          1    None
b - Blink                 Tloc           N/A          10%         2    #......
c - Call Imp              Summ           #.......     12%         2    #......
d - Slow                  Hex            #.......     19%         2    #......

Your spell library contained the following spells:

 Spells                   Type           Power        Failure   Level  Hunger
 Conjure Flame            Conj/Fire      #.......     24%         3    ###....
 Mephitic Cloud           Conj/Pois/Air  #.......     28%         3    ###....


Dungeon Overview and Level Annotations

Branches:
Dungeon (4/15)
 Temple: D:4-7

Altars:
Dithmenos
Gozag
Okawaru
The Shining One

Annotations:
D:2 Jessica


Innate Abilities, Weirdness & Mutations

You cannot wear armour.
You are incapable of wielding weapons or throwing items.
Your paws allow you to move quietly. (Stealth)
You have sharp claws.
You have razor-sharp teeth.
You have supernaturally acute eyesight. (SInv)
You are carnivorous and can eat meat at any time.
You cover ground quickly.
You are covered in fur. (AC +1)
You have a slow metabolism.
Your sharp claws are effective at attacking unaware monsters.


Message History

The adder closely misses you. The adder bites you.
The gnoll closely misses you. x2
The adder completely misses you.
As you read the scroll labeled ECOYQY TEABB, it crumbles to dust.
You feel blessed for a moment.
It was a scroll of remove curse.
The adder closely misses you.
The gnoll hits you from afar with a +0 spear.
The gnoll completely misses you. The hound bites you.
* * * LOW HITPOINT WARNING * * *
The adder barely misses you.
Unknown command.
The gnoll hits you from afar with a +0 spear.
* * * LOW HITPOINT WARNING * * *
The gnoll misses you.
Okay, then.
As you read the scroll labeled UMAUCO ERHITSO, it crumbles to dust.
You feel aware of your surroundings.
You sensed 1 altar.
It was a scroll of magic mapping.
The hound bites you.
You die...

$....#...........#
*,,,,,,,,,,,
.=...#...........#
*,,,,,,,,,,,
.....#...........#
*,,,,,,,,,,,
h....+...........#
*,,,,,,,,,,,
.....#...........#
*,,,,,,,,,,,
.....#.........g.#
************
...###........g..#
...###........gSh#
...h............@#
...###....?..$...#
...# #...........#
...# #...........#
..)# #...........#
#### #############


You could see a hound, 3 gnolls and an adder.

Vanquished Creatures
  A worker ant (D:4)
  Robin (D:3)
  An adder (D:3)
  2 worms (D:3)
  3 dart slugs
  A leopard gecko (D:3)
  4 orcs (D:3)
  7 bats
  4 giant cockroaches
  12 hobgoblins
  2 jackals (D:1)
  A quokka (D:2)
  3 ball pythons
  4 frilled lizards
  12 goblins
  7 kobolds
  13 rats
78 creatures vanquished.

Vanquished Creatures (collateral kills)
  An adder (D:2)
  A hobgoblin (D:2)
  A kobold (D:2)
3 creatures vanquished.

Grand Total: 81 creatures vanquished

Notes
Turn   | Place    | Note
-------+----------+-------------------------------------------
     0 | D:1      | dhn the Felid Wizard began the quest for the Orb.
     0 | D:1      | Reached XP level 1. HP: 7/7 MP: 5/5
   281 | D:1      | Reached XP level 2. HP: 11/11 MP: 0/7
   808 | D:1      | Reached skill level 1 in Conjurations
   824 | D:1      | Learned a level 2 spell: Blink
   827 | D:1      | Learned a level 2 spell: Call Imp
   830 | D:1      | Learned a level 2 spell: Slow
  1274 | D:2      | Noticed Jessica
  1445 | D:2      | Reached XP level 3. HP: 14/14 MP: 0/9
  1550 | D:2      | Noticed an orc warrior
  2016 | D:3      | Reached skill level 4 in Spellcasting
  2110 | D:3      | Noticed Robin
  2451 | D:3      | Reached XP level 4. HP: 18/18 MP: 8/11
  2969 | D:2      | Found an opulent altar of Gozag.
  3447 | D:3      | Found a shadowy altar of Dithmenos.
  3493 | D:3      | Found an iron altar of Okawaru.
  3676 | D:3      | Killed Robin
  3811 | D:3      | Found a glowing golden altar of the Shining One.
  3935 | D:4      | Slain by a worker ant
  3936 | D:4      | Reached XP level 3. HP: -3/14 MP: 4/9
  3954 | D:4      | Reached XP level 4. HP: 18/18 MP: 0/11
  3965 | D:4      | Noticed a hippogriff
  4193 | D:4      | Slain by a hound

Skill      XL: |  1  2  3 |
---------------+----------+-----
Dodging        | 3 |  3.3
Conjurations   | 1 2 |  2.1
Stealth        | 3 |  3.2
Spellcasting   | 4 |  4.4
Fighting       | |  0.3
Unarmed Combat | |  0.7
Summonings     | |  1.0
Translocations | |  1.5

Action                   |  1- 3 |  4- 6 || total
-------------------------+-------+-------++-------
Melee: Unarmed           |    37 |    20 ||    57
       Bite              |     3 |       ||     3
 Cast: Magic Dart        |   129 |    92 ||   221
       Call Imp          |     5 |     1 ||     6
  Use: Potion            |     2 |     2 ||     4
       Scroll            |       |     4 ||     4
 Stab: Sleeping          |     1 |       ||     1
  Eat: Chunk             |     2 |     3 ||     5
Armor: Skin              |     6 |     1 ||     7
Dodge: Dodged            |    76 |    45 ||   121
